 Dungeon Crawl Stone Soup version 0.17-a0-2215-g49c1de0 (webtiles) character file.

470 radek the Charmwright (level 6, -5/32 HPs)
             Began as a Deep Elf Conjurer on Oct 27, 2015.
             Slain by a worker ant (7 damage)
             ... on level 4 of the Dungeon.
             The game lasted 00:15:21 (3862 turns).

radek the Charmwright (Deep Elf Conjurer)           Turns: 3862, Time: 00:15:21

Health: -5/32      AC:  3    Str:  6    XL:     6   Next: 82%
Magic:  0/12       EV: 12    Int: 21    God:
Gold:   212        SH:  0    Dex: 15    Spells: 2 memorised, 5 levels left

rFire  . . .     SeeInvis .     y - +0 short sword
rCold  . . .     Clarity  .     e - -1 leather armour (curse)
rNeg   . . .     SustAt   .     (no shield)
rPois  .         Gourm    .     l - +1 hat
rElec  .         Spirit   .     (no cloak)
rCorr  .         Warding  .     (no gloves)
rMut   +         Stasis   .     (no boots)
MR     .....                    q - amulet of resist mutation
Stlth  ++........               (no ring)
                                (no ring)

@: lethally poisoned (-5 -> -13), not resistant to hostile enchantments,
unstealthy
A: no striking features
a: no special abilities


You were on level 4 of the Dungeon.
You were not hungry.

You visited 1 branch of the dungeon, and saw 4 of its levels.

You collected 212 gold pieces.

Inventory:

Hand Weapons
 g - a +0 short sword
 j - a +0 short sword
 w - a +0 short sword
 y - a +0 short sword (weapon)
Armour
 a - a +0 robe
 e - a cursed -1 leather armour (worn)
 i - a +0 leather armour
 l - a +1 hat (worn)
 u - a +0 robe
Jewellery
 q - an amulet of resist mutation (around neck)
Wands
 x - a wand of random effects (21)
Scrolls
 d - a scroll of teleportation
 r - 5 scrolls of amnesia
 s - a scroll of identify
 A - a scroll of fear {unknown}
Potions
 f - a potion of agility {unknown}
 h - a potion of invisibility {unknown}
 k - 2 potions of degeneration {unknown}
 o - 2 potions of lignification
 p - a potion of magic {unknown}
 t - a potion of haste {unknown}
 v - a potion of brilliance {unknown}
 z - a potion of might {unknown}
Books
 b - a book of Conjurations

   Spells                             Type                      Level
   a - Magic Dart                     Conjuration                  1
   b - Searing Ray                    Conjuration                  2
   c - Dazzling Spray                 Conjuration/Hexes            3
   d - Fulminant Prism                Conjuration/Hexes            4
   e - Iskenderun's Mystic Blast      Conjuration                  4
   f - Iskenderun's Battlesphere      Conjuration/Charms           5
Comestibles
 c - 2 bread rations
 m - a beef jerky


   Skills:
 - Level 2.4 Dodging
 - Level 2.4 Stealth
 - Level 3.0 Spellcasting
 - Level 7.0 Conjurations
 + Level 7.3 Charms


You had 5 spell levels left.
You knew the following spells:

 Your Spells              Type           Power        Failure   Level  Hunger
a - Magic Dart            Conj           ####         1%          1    None
b - Iskenderun's Battles  Conj/Chrm      ####....     34%         5    ######.


Dungeon Overview and Level Annotations

Branches:
Dungeon (4/15)
 Temple: D:4-7

Altars:
Okawaru


Message History

* * * LOW HITPOINT WARNING * * *
Casting: Magic Dart
Confirm with . or Enter, or press ? or * to list all spells.
Aiming: Magic Dart
Press: ? - help, Shift-Dir - straight line, f/p - worker ant
Aim: a worker ant (almost dead)
The magic dart hits the worker ant.
The worker ant is almost dead.
* * * LOW HITPOINT WARNING * * *
You feel sick. The worker ant bites you.
* * * LOW HITPOINT WARNING * * *
Casting: Magic Dart
Confirm with . or Enter, or press ? or * to list all spells.
Aiming: Magic Dart
Press: ? - help, Shift-Dir - straight line, f/p - worker ant
Aim: a worker ant (almost dead)
The magic dart hits the worker ant.
The worker ant is almost dead.
The worker ant bites you!
You die...

#.# #.# #.#
#.# #.# #.#
#.########
#......a.#
########@#
#.# #.# #.#
##########
#.#
###.........
#.#
#.....#####.
#.#####.###.#
#. #....<..#
#.# #.
#######.###.#
#.


You could see a worker ant.

Vanquished Creatures
  Menkaure (D:4)
  An ogre (D:4)
  A hound (D:4)
  A crimson imp (D:3)
  2 worker ants
  5 adders
  2 gnolls (D:3)
  6 worms
  4 giant geckos
  5 orcs
  7 goblins
  9 hobgoblins
  7 kobolds
  4 quokkas
  3 ball pythons
  7 bats
  2 giant cockroaches
  3 giant newts
  13 rats
83 creatures vanquished.

Notes
Turn   | Place    | Note
--------------------------------------------------------------
     0 | D:1      | radek the Deep Elf Conjurer began the quest for the Orb.
     0 | D:1      | Reached XP level 1. HP: 10/10 MP: 6/6
   223 | D:1      | Reached XP level 2. HP: 15/15 MP: 5/8
   294 | D:1      | Reached skill level 5 in Conjurations
   782 | D:2      | Reached XP level 3. HP: 19/19 MP: 6/9
  1215 | D:2      | Reached skill level 6 in Conjurations
  1310 | D:2      | Reached XP level 4. HP: 24/24 MP: 5/10
  2595 | D:3      | Reached XP level 5. HP: 26/28 MP: 5/11
  2598 | D:3      | Reached skill level 7 in Conjurations
  2664 | D:4      | Learned a level 5 spell: Iskenderun's Battlesphere
  2809 | D:4      | Noticed an ogre
  2817 | D:4      | Killed an ogre
  3056 | D:4      | Reached XP level 6. HP: 28/32 MP: 6/12
  3104 | D:4      | Reached skill level 5 in Charms
  3604 | D:3      | Found an iron altar of Okawaru.
  3821 | D:4      | Noticed Menkaure
  3825 | D:4      | Killed Menkaure
  3862 | D:4      | Slain by a worker ant

Vault maps used:
D:1:      minmay_arrival_wavy_path
D:3:      okawaru_altar_gauntlet_db, first_bread
D:4:      lemuel_upstairs_altar, nicolae_overflow_hidden_temple, uniq_menkaure

Action                   |  1- 3 |  4- 6 || total
-------------------------+-------+-------++-------
Melee: Short sword       |       |     9 ||     9
 Cast: Magic Dart        |    76 |   128 ||   204
       Iskenderun's Batt |       |     1 ||     1
  Use: Scroll            |       |     7 ||     7
  Eat: Chunk             |     1 |     4 ||     5
       Meat ration       |       |     1 ||     1
